 Dungeon Crawl Stone Soup version 0.32-a0-172-gc5dd13f2a7 (webtiles) character file.

Game seed: 2139030318948875019

322 Newt the Trooper (level 6, -1/40 HPs)
             Began as a Gargoyle Fighter on Feb 12, 2024.
             Slain by a gnoll
             ... wielding a +0 flail
              (7 damage)
             ... on level 4 of the Dungeon.
             The game lasted 00:03:50 (3223 turns).

Newt the Trooper (Gargoyle Fighter)                 Turns: 3223, Time: 00:03:51

Health: -1/40      AC: 14    Str: 21    XL:     6   Next: 47%
Magic:  6/6        EV:  9    Int:  9    God:
Gold:   8          SH:  4    Dex:  9    Spells: 5/5 levels left

rFire   . . .        f - +3 long sword (holy)
rCold   . . .        c - +0 buckler
rNeg    + . .        b - +0 scale mail
rPois   ∞            p - +0 helmet
rElec   +            s - +1 cloak
rCorr   .            (no gloves)
SInv    .            (no boots)
Will    +....        (no amulet) Stlth
                     (no ring)
HPRegen 0.26/turn    (no ring)
MPRegen 0.10/turn

%: no passive effects
@: enlightened, flying
A: sickness immunity, AC +4, negative energy resistance 1, electricity
resistance, torment resistance 1, petrification resistance
a: no special abilities


You were on level 4 of the Dungeon.
You visited 1 branch of the dungeon, and saw 4 of its levels.

You collected 123 gold pieces.
You spent 115 gold pieces at shops.

Inventory:

Hand Weapons
 a - a +0 flail
 f - a +3 long sword of holy wrath (weapon)
Missiles
 e - 4 javelins (quivered)
 n - a boomerang
Armour
 b - a +0 scale mail (worn)
 c - a +0 buckler (worn)
 p - a +0 helmet (worn)
 s - a +1 cloak (worn)
Scrolls
 h - a scroll of immolation
 m - a scroll of poison
 o - a scroll of amnesia
 q - a scroll of vulnerability
 v - a scroll of noise {unknown}
Potions
 d - 2 potions of might
 g - a potion of curing
 i - a potion of resistance
 j - a potion of invisibility {unknown}
 k - a potion of degeneration {unknown}
 l - a potion of lignification {unknown}
 t - a potion of haste {unknown}
 u - a potion of enlightenment


   Skills:
 + Level 5.2 Fighting
 * Level 4.4 Long Blades
 - Level 2.2 Maces & Flails
 - Level 3.2 Armour
 - Level 3.2 Shields


You had 5 spell levels left.
You didn't know any spells.
Your spell library was empty.

Dungeon Overview and Level Annotations

Branches:
Dungeon (4/15)
 Temple: D:4-7

Altars:

Shops:
D:1 ?


Innate Abilities, Weirdness & Mutations

You are immune to sickness and miasma.
Your stone body is resilient. (AC +4)
You are immune to poison.
You resist negative energy. (rN+)
You are resistant to electric shocks. (rElec)
You are resistant to unholy torment.
You are immune to petrification.


Message History

The gnoll hits you but does no damage. x2
You barely miss the gnoll.
The gnoll is almost dead.
The gnoll hits you but does no damage.
You completely miss the gnoll.
The gnoll is almost dead.
The orc priest calls down the wrath of Beogh upon you.
Beogh smites you! The gnoll hits you but does no damage.
You hear a shout!
You hit the gnoll but do no damage.
The gnoll is severely wounded.
You block the gnoll's attack.
You hit the gnoll but do no damage.
The gnoll is severely wounded.
The gnoll barely misses you. The gnoll hits you but does no damage.
You hit the gnoll.
The gnoll is almost dead.
You block the gnoll's attack.
You hit the gnoll.
You kill the gnoll!
The orc priest invokes the aid of Beogh against you.
Beogh smites you!
You barely miss the gnoll. The gnoll barely misses you.
You closely miss the gnoll. The gnoll misses you.
The orc priest looks encouraged for a moment.
The gnoll hits you with a +0 flail.
You hit the gnoll.
The gnoll is moderately wounded.
The orc priest begins to cast a cantrip, but forgets the words!
You block the gnoll's attack.
You slash the gnoll!
The gnoll is severely wounded.
The orc priest mumbles some strange prayers to Beogh against you.
Beogh smites you!
* * * LOW HITPOINT WARNING * * *
The gnoll barely misses you.
It was a potion of enlightenment.
You feel very buoyant.
You fly up into the air.
The gnoll hits you with a +0 flail!
You die...

............).....#####......## #
.........######...........##..###
.........# #................##
####.##### #..........#<#....#
#.## ######.#####....... #..##
#.# ###..... ##..##
#.######...... ####..##########
#........###..
#..........gog@#######...######
#...........####..#..†...'..#..
#.......###.# #..#..#...#..#.†
#..........g####'#####...#####'
#...........#..'.....#...#.....
##...##....g#..#.....#...#.....
#.#######..#'##.....'...'.†... #.
#.o#..#.....#...#..... #
#..#..†.....#...#.....


You could see an orc priest and 2 gnolls.

Vanquished Creatures
  A scorpion (D:4)
  Robin (D:3)
  2 gnolls
  13 adders
  A ribbon worm (D:2)
  5 dart slugs
  5 orcs
  12 ball pythons
  3 bats
  7 endoplasms
  A giant cockroach (D:1)
  18 goblins
  6 hobgoblins (D:3)
  5 jackals (D:1)
  3 quokkas
  4 frilled lizards
  5 kobolds
  2 rats (D:1)
94 creatures vanquished.

Notes
Turn   | Place    | Note
-------+----------+-------------------------------------------
     0 | D:1      | Newt the Gargoyle Fighter began the quest for the Orb.
     0 | D:1      | Reached XP level 1. HP: 14/14 MP: 1/1
    43 | D:1      | Found Katredem's Magic Scroll Emporium.
   287 | D:1      | Reached XP level 2. HP: 19/19 MP: 2/2
   334 | D:1      | Reached skill level 1 in Long Blades
   378 | D:1      | Reached XP level 3. HP: 17/24 MP: 3/3
  1143 | D:2      | Reached skill level 4 in Fighting
  1227 | D:2      | Reached XP level 4. HP: 29/29 MP: 4/4
  1873 | D:3      | Noticed Robin
  1905 | D:3      | Killed Robin
  2019 | D:3      | Reached XP level 5. HP: 31/34 MP: 5/5
  3011 | D:4      | Reached XP level 6. HP: 40/40 MP: 6/6
  3044 | D:3      | Reached skill level 5 in Fighting
  3096 | D:1      | Bought 2 scrolls of identify for 40 gold pieces
  3096 | D:1      | Bought a scroll of enchant weapon for 75 gold pieces
  3223 | D:4      | Slain by a gnoll

Illustrated notes

Levels and vault maps discovered:
D:1:      dpeg_arrival_lava_temple_mockup, layout_rooms, serial_shops,
          nicolae_shop_hallway_stairs, minmay_box_of_dots
D:2:      layout_basic, wad_orctagon
D:3:      layout_basic, minmay_ruptured, uniq_robin
D:4:      layout_rooms, minmay_snake_closets, uniq_sigmund

Skill      XL: |  1  2  3  4  5  6 |
---------------+-------------------+-----
Long Blades    | 1 2 3 4 |  4.4
Fighting       | 4 5 |  5.2
Maces & Flails | |  2.2
Armour         | |  3.2
Shields        | |  3.2

Action                     |  1- 3 |  4- 6 || total
---------------------------+-------+-------++-------
  Melee: Long sword        |   130 |   257 ||   387
         Flail             |    10 |       ||    10
  Throw: Boomerang         |       |     1 ||     1
    Use: Scroll            |     2 |     6 ||     8
         Potion            |       |     1 ||     1
 Armour: Scale mail        |   110 |   216 ||   326
  Dodge: Dodged            |    66 |   128 ||   194
  Block: Buckler           |    38 |    41 ||    79

Table legend: (Time is in decaauts)
 A = Elapsed time spent in this place.
 B = Non-inter-level travel time spent in this place.
 C = Inter-level travel time spent in this place.
 D = Time resting spent in this place.
 E = Time spent auto-exploring this place.
 F = Levels seen in this place.
 G = Mean time per level.
                   A        B        C        D        E       F      G
               +--------+--------+--------+--------+--------+-----+--------+
         Total |   3349 |   3147 |    202 |    294 |   2032 |   4 |  837.2 |
       Dungeon |   3349 |   3147 |    202 |    294 |   2032 |   4 |  837.2 |
               +--------+--------+--------+--------+--------+-----+--------+

Top non-repeatable levels by time:
     D:3: 1127 daAuts
     D:1: 918 daAuts
     D:2: 904 daAuts
     D:4: 399 daAuts
